[Event "Titled Tuesday Blitz January 03 Early 2023"]
[White "Petrova, Irina"]
[Black "Ardila, Oscar Humberto"]
[WhiteFideId "14124122"]
[BlackFideId "4404742"]
[WhiteElo "2108"]
[BlackElo "1982"]
[Result "0-1"]
[Round "06"]
[TimeControl "180+2"]
[Date "2023.01.03"]
[WhiteClock "0:00:09"]
[BlackClock "0:00:34"]

1. e4 e5 2. Nf3 Nf6 3. Nxe5 d6 4. Nf3 Nxe4 5. Bd3 Nf6 6. O-O Be7 7. Re1 Bg4 8. h3 Bh5 9. Bf1 O-O 10. d4 Nbd7 11. c4 Re8 12. Nc3 Nf8 13. Be3 Qd7 14. Be2 Rad8 15. g4 Bg6 16. d5 h5 17. Nd4 hxg4 18. hxg4 c5 19. Nb3 Ne4 20. Nxe4 Bxe4 21. f3 Bh7 22. Bd3 Bh4 23. Re2 Bxd3 24. Qxd3 Ng6 25. Kg2 Re7 26. Bd2 Rde8 27. Rxe7 Qxe7 28. Kf1 Qf6 29. Bc3 Qf4 30. Be1 Qh2 31. Bxh4 Qh1+ 32. Kf2 Qxh4+ 33. Kg1 Qg3+ 34. Kf1 Qh3+ 35. Kf2 Qh2+ 36. Kf1 Qh1+ 37. Kf2 Qh2+ 38. Kf1 Nf4 39. Qd2 Qh1+ 40. Kf2 Qh4+ 41. Kg1 Re2 42. Qxf4 Qf2+ 43. Kh1 Qg2# 0-1


[Site "https://www.chess.com"]

[Event "Titled Tuesday Blitz January 03 Early 2023"]
[White "Klinova, Masha"]
[Black "Vasques, Antonio Pedro Freixial"]
[WhiteFideId "2802015"]
[BlackFideId "1908332"]
[WhiteElo "2250"]
[BlackElo "2214"]
[Result "1-0"]
[Round "06"]
[TimeControl "180+2"]
[Date "2023.01.03"]
[WhiteClock "0:00:25"]
[BlackClock "0:00:10"]

1. e4 c5 2. Nf3 Nc6 3. Bb5 e6 4. Bxc6 dxc6 5. d3 g6 6. O-O Bg7 7. Nbd2 Ne7 8. e5 Qc7 9. Re1 O-O 10. Ne4 Nf5 11. Bf4 b6 12. Qd2 a5 13. Nf6+ Kh8 14. g4 Nd4 15. Nxd4 cxd4 16. Bh6 c5 17. Qg5 Bb7 18. Qh4 Rfd8 19. Bxg7+ Kxg7 20. Qxh7+ Kf8 21. f4 Qc6 22. Ne4 g5 23. Qh6+ Ke7 24. Qxg5+ Kd7 25. Qf6 Re8 26. Qxf7+ Re7 27. Qg6 Rf8 28. Rf1 Kc8 29. Rae1 Kb8 30. g5 Rff7 31. Re2 c4 32. h4 cxd3 33. cxd3 Qb5 34. Rf3 Ka7 35. Kf2 Rg7 36. Qf6 Qd5 37. h5 Ref7 38. g6 Rxf6 39. exf6 Rc7 40. f7 Qf5 41. Nd6 Qxh5 42. Nxb7 Qxf3+ 43. Kxf3 1-0


[Site "https://www.chess.com"]

[Event "Titled Tuesday Blitz January 03 Early 2023"]
[White "Zanette, Edgard Vinicius"]
[Black "Blindsplieler"]
[WhiteFideId "2109263"]
[WhiteElo "2085"]
[BlackElo "2071"]
[Result "1-0"]
[Round "06"]
[TimeControl "180+2"]
[Date "2023.01.03"]
[WhiteClock "0:00:15"]
[BlackClock "0:00:31"]

1. e4 e5 2. Nf3 Nc6 3. Bb5 a6 4. Ba4 Nf6 5. d3 Bc5 6. c3 b5 7. Bb3 d6 8. a4 Rb8 9. axb5 axb5 10. O-O h6 11. h3 O-O 12. d4 Bb6 13. Bc2 Re8 14. Re1 b4 15. d5 Ne7 16. cxb4 Ng6 17. Nc3 Nh5 18. Ne2 Qf6 19. Ba4 Rf8 20. Ra3 Ngf4 21. Nxf4 Nxf4 22. Bxf4 Qxf4 23. Qd2 Qxd2 24. Nxd2 f5 25. Nc4 Bd4 26. b5 fxe4 27. Ne3 Bxb2 28. Rb3 Bd4 29. Rc1 Rf4 30. Rxc7 Bb7 31. b6 Rf7 32. Bd7 Bxe3 33. fxe3 Bxd5 34. Rb5 Ba2 35. b7 Kh7 36. Rc8 Rf8 37. Rxf8 Rxf8 38. b8=Q Rxb8 39. Rxb8 d5 40. Be6 d4 41. Bxa2 dxe3 42. Kf1 1-0


[Site "https://www.chess.com"]

[Event "Titled Tuesday Blitz January 03 Early 2023"]
[White "Fajdetic, Hrvoje"]
[Black "Rosenberg, Evan S"]
[WhiteFideId "14501945"]
[BlackFideId "2019299"]
[WhiteElo "2151"]
[BlackElo "1956"]
[Result "0-1"]
[Round "06"]
[TimeControl "180+2"]
[Date "2023.01.03"]
[WhiteClock "0:00:02"]
[BlackClock "0:00:05"]

1. f4 g6 2. Nf3 d5 3. e3 c5 4. Bb5+ Nd7 5. O-O a6 6. Bxd7+ Bxd7 7. a4 b6 8. d3 Nh6 9. e4 d4 10. Nbd2 Bg7 11. Nc4 b5 12. axb5 axb5 13. Rxa8 Qxa8 14. Nce5 Bg4 15. h3 Bxf3 16. Nxf3 O-O 17. g4 f6 18. f5 Nf7 19. Bf4 Qa2 20. Qc1 e5 21. fxe6 Qxe6 22. b4 c4 23. Nxd4 Qe8 24. Nf3 f5 25. exf5 gxf5 26. g5 cxd3 27. cxd3 Qe2 28. Qd1 Qb2 29. Qb1 Qe2 30. Rf2 Qe6 31. d4 Qe4 32. Qxe4 fxe4 33. Ne5 Nxe5 34. Bxe5 Bxe5 35. Rxf8+ Kxf8 36. dxe5 Ke7 37. Kf2 Ke6 38. Ke3 Kxe5 39. h4 Kf5 40. h5 Kxg5 41. Kxe4 Kxh5 42. Kf5 h6 43. Kf4 Kh4 44. Kf3 h5 45. Kf4 Kh3 46. Kf3 h4 0-1


[Site "https://www.chess.com"]

[Event "Titled Tuesday Blitz January 03 Early 2023"]
[White "Matveeva, Olga"]
[Black "Suduvasachmatai"]
[WhiteFideId "24107018"]
[WhiteElo "2128"]
[BlackElo "2107"]
[Result "1-0"]
[Round "06"]
[TimeControl "180+2"]
[Date "2023.01.03"]
[WhiteClock "0:00:44"]
[BlackClock "0:00:08"]

1. d4 d5 2. c4 e6 3. Nf3 Nf6 4. g3 c5 5. cxd5 exd5 6. Bg2 Nc6 7. O-O Bf5 8. Nc3 Be4 9. Bg5 Be7 10. dxc5 O-O 11. Rc1 Bxc5 12. Nxe4 dxe4 13. Rxc5 exf3 14. Bxf3 Qb6 15. Rf5 Nd4 16. Rf4 Rad8 17. Qb1 Ne6 18. Rxf6 gxf6 19. Bxf6 Rd2 20. Qf5 Rd4 21. Be4 Rxe4 22. Qxe4 Ng7 23. Qf4 Kh8 24. Qg5 Rg8 25. h4 Qd6 26. h5 h6 27. Qxh6# 1-0


[Site "https://www.chess.com"]

[Event "Titled Tuesday Blitz January 03 Early 2023"]
[White "Schut, Han"]
[Black "Guevara Sanchez, Erick Marvin"]
[WhiteFideId "1005561"]
[BlackFideId "6700136"]
[WhiteElo "2101"]
[BlackElo "2073"]
[Result "1-0"]
[Round "06"]
[TimeControl "180+2"]
[Date "2023.01.03"]
[WhiteClock "0:00:14"]
[BlackClock "0:00:15"]

1. e4 c5 2. Nf3 Nc6 3. d4 cxd4 4. Nxd4 Nf6 5. Nc3 d6 6. Bg5 g6 7. Qd2 Bg7 8. Nb3 O-O 9. h4 h5 10. f3 a6 11. g4 b5 12. Bxf6 Bxf6 13. gxh5 e6 14. O-O-O Bxh4 15. hxg6 fxg6 16. Qxd6 Qg5+ 17. Kb1 Ne5 18. Rxh4 Qxh4 19. Qxe5 Qe7 20. Be2 Bb7 21. Rh1 Rf6 22. Nd5 Bxd5 23. exd5 Re8 24. d6 Qf7 25. Nd4 Rd8 26. Nc6 Rd7 27. Ne7+ Kg7 28. Qh2 Rxe7 29. Qh8# 1-0


[Site "https://www.chess.com"]

[Event "Titled Tuesday Blitz January 03 Early 2023"]
[White "Wieczorek, Zbigniew"]
[Black "Eisa Mohmood, Alkhoori"]
[WhiteFideId "1102001"]
[BlackFideId "9316116"]
[WhiteElo "2150"]
[BlackElo "1095"]
[Result "1/2-1/2"]
[Round "06"]
[TimeControl "180+2"]
[Date "2023.01.03"]
[WhiteClock "0:01:09"]
[BlackClock "0:00:03"]

1. Nf3 Nf6 2. d4 g6 3. c4 Bg7 4. Nc3 d5 5. cxd5 Nxd5 6. Bd2 O-O 7. e4 Nb6 8. Bg5 Bg4 9. d5 h6 10. Bh4 c6 11. dxc6 Qxd1+ 12. Rxd1 Nxc6 13. Be2 Bxf3 14. gxf3 g5 15. Bg3 Nd4 16. h4 Rac8 17. hxg5 hxg5 18. f4 gxf4 19. Bxf4 Nxe2 20. Kxe2 f5 21. e5 Nc4 22. Rdg1 Kf7 23. e6+ Kf6 24. Nd5+ Kxe6 25. Rxg7 Kxd5 26. Rxe7 Rfe8 27. Rd1+ Kc5 28. Be3+ Nxe3 29. Rxe3 Rxe3+ 30. Kxe3 Re8+ 31. Kf4 Re2 32. f3 Rc2 33. b3 Rxa2 34. Kxf5 Rf2 35. f4 Kb4 36. Rd3 b5 37. Ke5 Re2+ 38. Kf6 a5 39. f5 a4 40. bxa4 bxa4 41. Kf7 Rf2 42. f6 a3 43. Rd6 Kb5 44. Rd8 a2 45. Ra8 Kb4 46. Ke7 Kb3 47. f7 Kb2 48. Rb8+ Kc1 49. Rc8+ Kb1 50. Rd8 Kc2 51. Rc8+ Kb2 52. Rb8+ Kc1 53. Ra8 Kb1 54. Rb8+ Kc1 1/2-1/2


[Site "https://www.chess.com"]

[Event "Titled Tuesday Blitz January 03 Early 2023"]
[White "Martin, Lewis"]
[Black "Mohammadian, Mohammad"]
[WhiteFideId "410551"]
[BlackFideId "12566055"]
[WhiteElo "2135"]
[BlackElo "1398"]
[Result "0-1"]
[Round "06"]
[TimeControl "180+2"]
[Date "2023.01.03"]
[WhiteClock "0:00:46"]
[BlackClock "0:00:35"]

1. e4 e5 2. Nf3 Nc6 3. Bb5 a6 4. Ba4 Nf6 5. O-O Be7 6. Re1 b5 7. Bb3 d6 8. a4 Bb7 9. c3 O-O 10. d4 exd4 11. cxd4 Re8 12. Nbd2 Bf8 13. Ng5 Re7 14. e5 dxe5 15. dxe5 Nd5 16. Ndf3 Ncb4 17. axb5 axb5 18. Rxa8 Qxa8 19. Bd2 h6 20. Bxb4 Nxb4 21. Nxf7 Rxf7 22. Qd7 Bd5 23. Bxd5 Qxd5 24. Qe8 Kh7 25. e6 Rxf3 26. gxf3 Qxf3 27. Re3 Qd1+ 28. Kg2 Bd6 29. h3 Qd5+ 30. Kg1 Qg5+ 31. Rg3 Bxg3 32. fxg3 Qxg3+ 33. Kf1 Qxh3+ 34. Ke2 Qg2+ 35. Ke3 Qg3+ 36. Kd4 Qd6+ 37. Kc3 c5 38. Qf7 Qd3# 0-1


[Site "https://www.chess.com"]

[Event "Titled Tuesday Blitz January 03 Early 2023"]
[White "Cardozo Munar, Carlos Eduardo"]
[Black "Gonzalez, Francisco Silva"]
[WhiteFideId "4409477"]
[BlackFideId "1512285"]
[WhiteElo "2043"]
[BlackElo "2021"]
[Result "1-0"]
[Round "06"]
[TimeControl "180+2"]
[Date "2023.01.03"]
[WhiteClock "0:01:24"]
[BlackClock "0:01:28"]

1. d4 Nf6 2. Bg5 c5 3. e3 Qb6 4. Nd2 cxd4 5. exd4 Qxd4 6. Bxf6 Qxf6 7. c3 Nc6 8. Ngf3 d6 9. Bb5 Bd7 10. O-O g6 11. Re1 O-O-O 12. Qa4 a6 13. Bxa6 bxa6 14. Qxa6+ Kc7 15. Nc4 Rb8 16. b4 Qxc3 17. a3 d5 18. Rac1 Qxc4 19. Rxc4 dxc4 20. Qxc4 Kd8 21. Rd1 Rc8 22. Nd4 Ne5 23. Qd5 Bg7 24. f4 e6 25. Qd6 Ke8 26. fxe5 Bf8 27. Qa6 Be7 28. Nb5 f6 29. Nd6+ Bxd6 30. Qxd6 1-0


[Site "https://www.chess.com"]

[Event "Titled Tuesday Blitz January 03 Early 2023"]
[White "Ocelak, Jakub"]
[Black "Larina, Maria"]
[WhiteFideId "23707933"]
[BlackFideId "24113182"]
[WhiteElo "2198"]
[BlackElo "1948"]
[Result "0-1"]
[Round "06"]
[TimeControl "180+2"]
[Date "2023.01.03"]
[WhiteClock "0:00:14"]
[BlackClock "0:00:33"]

1. b3 e5 2. Bb2 d6 3. e3 f5 4. c4 Nf6 5. d4 e4 6. d5 g6 7. h4 h6 8. Ne2 Qe7 9. Nbc3 Bg7 10. Nf4 Qf7 11. Nb5 Na6 12. Be2 O-O 13. Qd2 Nc5 14. O-O-O a6 15. Nd4 a5 16. Kb1 a4 17. b4 a3 18. Ba1 Na6 19. Nde6 Bxe6 20. Nxe6 Bh8 21. Nxf8 Qxf8 22. f3 exf3 23. gxf3 Nh5 24. Rdg1 Kh7 25. f4 Bxa1 26. Kxa1 Qh8+ 27. Kb1 c5 28. Bxh5 gxh5 29. Qd3 Qb2# 0-1


[Site "https://www.chess.com"]

[Event "Titled Tuesday Blitz January 03 Early 2023"]
[White "Gressmann, Moritz"]
[Black "Tuleyeva-Aketayeva, Dana"]
[WhiteFideId "24695084"]
[BlackFideId "13701932"]
[WhiteElo "2129"]
[BlackElo "2130"]
[Result "1-0"]
[Round "06"]
[TimeControl "180+2"]
[Date "2023.01.03"]
[WhiteClock "0:00:49"]
[BlackClock "0:00:01"]

1. c4 c5 2. g3 g6 3. Bg2 Bg7 4. Nc3 Nc6 5. Nf3 Nf6 6. O-O O-O 7. d3 Rb8 8. a3 b6 9. Rb1 Bb7 10. Bd2 d5 11. cxd5 Nxd5 12. Nxd5 Qxd5 13. Bc3 Qd7 14. Bxg7 Kxg7 15. Qd2 Nd4 16. Nxd4 Qxd4 17. b4 Bxg2 18. Kxg2 c4 19. Rfc1 cxd3 20. Qxd3 Qxd3 21. exd3 Rb7 22. Rc3 Rd8 23. Rbc1 e6 24. Rc7 Rd7 25. Rxb7 Rxb7 26. Kf3 Kf6 27. Ke3 Ke5 28. Rc8 h5 29. h4 Kd6 30. Rd8+ Kc6 31. a4 Kc7 32. Rd4 Kc6 33. b5+ Kc5 34. Ke4 f6 35. Rc4+ Kd6 36. Rc6+ Ke7 37. d4 Rd7 38. Rc8 Kd6 39. Rg8 f5+ 40. Ke3 Rc7 41. Rxg6 Rc4 42. Rg5 Rxa4 43. Rxh5 Ra5 44. Rh8 Rxb5 45. h5 Rb1 46. h6 Rh1 47. h7 Kc7 48. Ra8 Kb7 49. h8=Q 1-0


[Site "https://www.chess.com"]

[Event "Titled Tuesday Blitz January 03 Early 2023"]
[White "Ivanova, Karina"]
[Black "Butolo, Alexandru-Mircea"]
[WhiteFideId "24139750"]
[BlackFideId "1261649"]
[WhiteElo "2085"]
[BlackElo "2033"]
[Result "1-0"]
[Round "06"]
[TimeControl "180+2"]
[Date "2023.01.03"]
[WhiteClock "0:01:07"]
[BlackClock "0:00:04"]

1. Nf3 Nf6 2. g3 b5 3. Bg2 Bb7 4. d4 e6 5. a4 b4 6. c4 d5 7. b3 Nbd7 8. O-O Be7 9. Nbd2 O-O 10. Bb2 c5 11. dxc5 Nxc5 12. Ne5 Qc7 13. Rc1 Nfd7 14. cxd5 Nxe5 15. d6 Qxd6 16. Bxe5 Qxe5 17. Rxc5 Bxc5 18. Bxb7 Rad8 19. Qc2 Qc3 20. Qxc3 bxc3 21. Ne4 Bb4 22. Rc1 Rd7 23. Bc6 Rc7 24. Bb5 f5 25. Ng5 Rf6 26. Bc4 h6 27. Nf3 Kf8 28. Ne5 Ke7 29. f4 Bc5+ 30. Kg2 Bd4 31. e3 Bxe3 32. Rxc3 Bd4 33. Rd3 Bxe5 34. fxe5 Rf8 35. Rd6 Rd8 36. Rxe6+ Kf8 37. Ra6 Rd2+ 38. Kh3 g5 39. g4 fxg4+ 40. Kxg4 Rxh2 41. Kf5 Rf2+ 42. Kg6 Rg7+ 43. Kh5 Rh2+ 44. Kg4 Rg2+ 45. Kf3 Rd2 46. Ke3 Rdd7 47. Rxh6 Rde7 48. Rh8+ 1-0


[Site "https://www.chess.com"]

[Event "Titled Tuesday Blitz January 03 Early 2023"]
[White "Martin Carmona, Gaston Manuel"]
[Black "KSho99"]
[WhiteFideId "22284567"]
[WhiteElo "2333"]
[BlackElo "2118"]
[Result "1-0"]
[Round "06"]
[TimeControl "180+2"]
[Date "2023.01.03"]
[WhiteClock "0:01:52"]
[BlackClock "0:01:12"]

1. Nf3 b6 2. g3 Bb7 3. Bg2 e6 4. c4 g6 5. O-O Bg7 6. Nc3 Ne7 7. h4 h6 8. d4 d6 9. a4 a5 10. Bf4 Nbc6 11. Qd2 Nxd4 12. Nxd4 Bxg2 13. Kxg2 e5 14. Be3 exd4 15. Bxd4 O-O 16. Bxg7 Kxg7 17. Qd4+ Kh7 18. Ne4 Ng8 19. Rh1 f5 20. Ng5+ 1-0


[Site "https://www.chess.com"]

[Event "Titled Tuesday Blitz January 03 Early 2023"]
[White "Donskov, Anatoly"]
[Black "Kniazev, Igor"]
[WhiteFideId "24143413"]
[BlackFideId "4136349"]
[WhiteElo "2279"]
[BlackElo "2057"]
[Result "1-0"]
[Round "06"]
[TimeControl "180+2"]
[Date "2023.01.03"]
[WhiteClock "0:00:17"]
[BlackClock "0:00:18"]

1. e4 e5 2. Nf3 Nf6 3. d4 Nxe4 4. Bd3 d5 5. Nxe5 Bd6 6. O-O Bxe5 7. dxe5 Nc5 8. Be2 O-O 9. c3 Nc6 10. f4 f6 11. exf6 Rxf6 12. Be3 Ne4 13. Nd2 Bf5 14. Nf3 Rf8 15. Nd4 Nxd4 16. Bxd4 c5 17. Be5 Nf6 18. Kh1 Kh8 19. Bf3 Be4 20. Qb3 Qb6 21. Rad1 Qxb3 22. axb3 Rad8 23. Rd2 b6 24. h3 Bxf3 25. Rxf3 Ne4 26. Rd1 Kg8 27. Kg1 Rd7 28. Rfd3 Rfd8 29. g4 g6 30. Kg2 Kf7 31. Kf3 g5 32. c4 gxf4 33. cxd5 Ng5+ 34. Kxf4 h6 35. h4 Nh7 36. d6 Ke6 37. Re1 Rf7+ 38. Kg3 Kd7 39. Bf4 h5 40. g5 Rdf8 41. Re7+ Kd8 42. Rxf7 Rxf7 43. Be5 Nf8 44. Bf6+ Kd7 45. Kf4 Ng6+ 46. Kg3 Nf8 47. Rd2 Ng6 48. Rd1 Nf8 49. Rd2 Ng6 50. Rh2 Nf8 51. Kf4 Ng6+ 52. Kf5 Nf8 53. g6 Nxg6 54. Kxg6 Rf8 55. Be7 Rg8+ 56. Kxh5 Rg1 57. Kh6 Ke6 58. h5 b5 59. Re2+ Kf7 60. d7 Rd1 61. d8=Q Rxd8 62. Bxd8 c4 63. bxc4 bxc4 64. Kg5 c3 65. bxc3 a5 66. Bxa5 Kf8 67. Bb4+ Kf7 68. h6 1-0


[Site "https://www.chess.com"]

[Event "Titled Tuesday Blitz January 03 Early 2023"]
[White "Martinez, Shawn"]
[Black "Johnson, Ben"]
[WhiteFideId "2039770"]
[BlackFideId "2010917"]
[WhiteElo "1881"]
[BlackElo "1961"]
[Result "1-0"]
[Round "06"]
[TimeControl "180+2"]
[Date "2023.01.03"]
[WhiteClock "0:00:42"]
[BlackClock "0:00:26"]

1. e4 c5 2. Nc3 Nc6 3. Bb5 Nd4 4. Nf3 g6 5. O-O Bg7 6. Nxd4 cxd4 7. Ne2 a6 8. Bd3 d6 9. c3 dxc3 10. dxc3 Nf6 11. Bf4 O-O 12. Qd2 b5 13. a4 bxa4 14. Rxa4 Bb7 15. Ng3 Nd7 16. Rfa1 Nc5 17. R4a3 a5 18. Bc2 Qb6 19. R1a2 Bc6 20. h4 h5 21. Bh6 Rfb8 22. Bxg7 Kxg7 23. Qg5 e6 24. Nxh5+ Kh7 25. Nf6+ Kg7 26. h5 Qd8 27. h6+ Kh8 28. f4 Nd7 29. Nxd7 Qxd7 30. Qf6+ 1-0


[Site "https://www.chess.com"]

[Event "Titled Tuesday Blitz January 03 Early 2023"]
[White "Winkels, Marcel"]
[Black "Guzman Moneo, Alberto"]
[WhiteFideId "1003887"]
[BlackFideId "2209616"]
[WhiteElo "1960"]
[BlackElo "2170"]
[Result "1-0"]
[Round "06"]
[TimeControl "180+2"]
[Date "2023.01.03"]
[WhiteClock "0:00:39"]
[BlackClock "0:00:29"]

1. e4 c5 2. d4 cxd4 3. c3 e5 4. Nf3 Nc6 5. Bc4 Be7 6. O-O Nf6 7. cxd4 exd4 8. e5 Ng4 9. Re1 O-O 10. h3 Nh6 11. Bxh6 gxh6 12. Nxd4 d5 13. Nxc6 bxc6 14. Bd3 Kh8 15. Qh5 Rg8 16. Qxh6 Rg7 17. Nc3 Rb8 18. Rab1 Bg5 19. Qh5 Qg8 20. Bf1 Bd2 21. Red1 Rg5 22. Qh4 Bxc3 23. bxc3 Rxb1 24. Rxb1 Bf5 25. Rb8 Qxb8 26. Qxg5 Qxe5 27. g4 Qxc3 28. Qxf5 Kg7 29. Bd3 Kf8 30. Qxh7 Qa1+ 31. Kg2 Qxa2 32. Qh8+ Ke7 33. Qc8 Qd2 34. Qc7+ Kf8 35. Bf5 Qc3 36. Qxa7 Kg7 37. Qb8 c5 38. Qd6 Qd4 39. Qd7 c4 40. h4 c3 41. h5 Qe5 42. Qc6 f6 43. Qd7+ Kh6 44. Qh7+ Kg5 45. Qg6+ Kf4 46. Qh6# 1-0


[Site "https://www.chess.com"]

[Event "Titled Tuesday Blitz January 03 Early 2023"]
[White "Flis, Pawel"]
[Black "Tarnowska, Aleksandra"]
[WhiteFideId "1112864"]
[BlackFideId "1180967"]
[WhiteElo "1879"]
[BlackElo "1835"]
[Result "0-1"]
[Round "06"]
[TimeControl "180+2"]
[Date "2023.01.03"]
[WhiteClock "0:00:01"]
[BlackClock "0:00:04"]

1. e4 c5 2. d4 cxd4 3. Nf3 d6 4. Nxd4 Nf6 5. Nc3 g6 6. Be3 Bg7 7. f3 O-O 8. Qd2 Nc6 9. Bc4 a6 10. O-O-O Qc7 11. Bb3 b5 12. Nxc6 Qxc6 13. Nd5 Qd7 14. Nb6 Qb7 15. Nxa8 Qxa8 16. Bh6 a5 17. a4 bxa4 18. Bxa4 Be6 19. h4 Rb8 20. Bxg7 Kxg7 21. h5 Qb7 22. Qc3 Rc8 23. Qa3 Nxh5 24. g4 Ng3 25. Rh2 h5 26. gxh5 Nxh5 27. Rg1 Qb6 28. Rgh1 Qd4 29. Kb1 Rb8 30. Rg2 Kf8 31. Ka1 Nf4 32. Rgh2 Nh5 33. Rg2 Nf4 34. c3 Qd3 35. Rh8+ Kg7 36. Rxb8 Nxg2 37. Bb3 Qf1+ 38. Ka2 Qf2 39. Bxe6 fxe6 40. Qb3 Kf7 41. Rh8 Qc5 42. Rh7+ Kg8 0-1


[Site "https://www.chess.com"]

[Event "Titled Tuesday Blitz January 03 Early 2023"]
[White "monkins"]
[Black "Necula, Iulian"]
[BlackFideId "1232380"]
[WhiteElo "2242"]
[BlackElo "1851"]
[Result "1-0"]
[Round "06"]
[TimeControl "180+2"]
[Date "2023.01.03"]
[WhiteClock "0:00:15"]
[BlackClock "0:00:24"]

1. Nf3 f5 2. g3 Nf6 3. Bg2 g6 4. c4 Bg7 5. O-O O-O 6. Nc3 d6 7. d3 Qe8 8. Rb1 e5 9. b4 a5 10. b5 c6 11. bxc6 bxc6 12. Ba3 Qd7 13. Qa4 Bb7 14. Nd2 Rc8 15. Bxd6 Qxd6 16. Rxb7 e4 17. Qc2 exd3 18. Qxd3 Qxd3 19. exd3 Nbd7 20. Na4 Rab8 21. Rfb1 Rxb7 22. Rxb7 Ne5 23. d4 Nf7 24. Rb6 Ne4 25. Nxe4 fxe4 26. Bxe4 Bxd4 27. Rxc6 Rf8 28. Bd5 Kg7 29. Rc7 Kf6 30. Nc5 Ne5 31. Ne4+ Kf5 32. Rxh7 Nf3+ 33. Kg2 Ke5 34. Re7+ Kf5 35. Kxf3 g5 36. Rf7+ Rxf7 37. Bxf7 g4+ 38. Ke2 Kxe4 39. Be6 Bf6 40. Bxg4 Kd4 41. a4 Kxc4 42. f4 Kb4 43. Bd7 Kc5 44. Kf3 Kd4 45. Bb5 Kd5 46. h4 Ke6 47. h5 Kf5 48. g4+ Ke6 49. g5 Bd4 50. Kg4 Be3 51. h6 Kf7 52. Bc4+ Kg6 53. f5+ Kh7 54. Kh5 Bd4 55. g6+ Kh8 56. g7+ Bxg7 57. hxg7+ Kxg7 58. Kg5 Kh8 59. Kf6 Kh7 60. Ke7 Kg7 61. f6+ Kh7 62. f7 Kg6 63. f8=Q 1-0


[Site "https://www.chess.com"]

[Event "Titled Tuesday Blitz January 03 Early 2023"]
[White "Palacio,Igor Da Paz"]
[Black "Tharushi, T H D Niklesha"]
[WhiteFideId "2121140"]
[BlackFideId "9918264"]
[WhiteElo "2172"]
[BlackElo "1570"]
[Result "1-0"]
[Round "06"]
[TimeControl "180+2"]
[Date "2023.01.03"]
[WhiteClock "0:00:10"]
[BlackClock "0:00:21"]

1. e4 a6 2. d4 b5 3. a4 bxa4 4. Nc3 Bb7 5. Nf3 e6 6. d5 exd5 7. Nxd5 Nf6 8. Bg5 Be7 9. Nxe7 Qxe7 10. Bd3 Bxe4 11. O-O d5 12. Re1 O-O 13. Rxa4 Bxf3 14. gxf3 Qd6 15. Rh4 h6 16. f4 Nh7 17. Be7 Qd7 18. Bxh7+ Kxh7 19. Bxf8 Nc6 20. Bc5 Qd8 21. Rg4 f5 22. Rg3 Rb8 23. b3 Rb5 24. Bd4 Qh4 25. Rxg7+ Kh8 26. Rg4+ Kh7 27. Rxh4 Rb8 28. Rh3 Rg8+ 29. Rg3 Rxg3+ 30. hxg3 Kg6 31. Re6+ Kf7 32. Rxc6 Ke7 33. Rxa6 Kd7 34. Rxh6 Kc8 35. Qe2 Kb7 36. Qb5+ Ka8 37. Qa6+ Kb8 38. Rh8# 1-0


[Site "https://www.chess.com"]

[Event "Titled Tuesday Blitz January 03 Early 2023"]
[White "Lohani, Sujana"]
[Black "Hernandez Bonilla, Amelia"]
[WhiteFideId "12311987"]
[BlackFideId "3900193"]
[WhiteElo "1754"]
[BlackElo "1960"]
[Result "0-1"]
[Round "06"]
[TimeControl "180+2"]
[Date "2023.01.03"]
[WhiteClock "0:02:05"]
[BlackClock "0:02:16"]

1. d4 Nf6 2. Bf4 e6 3. e3 d5 4. c3 Bd6 5. Bg3 O-O 6. Bd3 c5 7. Nd2 Qc7 8. f4 b6 9. Ngf3 cxd4 10. cxd4 Nc6 11. Ne5 Nb4 12. Ndf3 Nxd3+ 13. Qxd3 Bb4+ 14. Kf2 Ne4+ 15. Ke2 a5 16. a3 Ba6 17. axb4 Qc2+ 0-1


[Site "https://www.chess.com"]

[Event "Titled Tuesday Blitz January 03 Early 2023"]
[White "Martinez Alcantara, Jose Eduardo"]
[Black "Carlsen, Magnus"]
[WhiteFideId "3805662"]
[BlackFideId "1503014"]
[WhiteElo "2619"]
[BlackElo "2853"]
[Result "1-0"]
[Round "07"]
[TimeControl "180+2"]
[Date "2023.01.03"]
[WhiteClock "0:00:04"]
[BlackClock "0:00:02"]

1. e4 g6 2. d4 Nf6 3. e5 Nh5 4. g4 Ng7 5. Bc4 d5 6. exd6 cxd6 7. Nc3 Nc6 8. h3 h5 9. gxh5 Rxh5 10. Be3 Nf5 11. Qd2 Bg7 12. Nge2 Na5 13. Bb5+ Bd7 14. Bxd7+ Qxd7 15. b3 Nc6 16. O-O-O Rh4 17. Bg5 Rxd4 18. Nxd4 Ncxd4 19. Qd3 Rc8 20. Bd2 Qc6 21. Rhe1 Nf3 22. Nd5 Nxe1 23. Rxe1 e6 24. Nf4 Qc5 25. Qe4 Qd4 26. Kd1 Qxe4 27. Rxe4 Kd7 28. Ra4 a6 29. c4 Bd4 30. Ke2 Rh8 31. b4 e5 32. Nd5 Rxh3 33. b5 axb5 34. cxb5 Bc5 35. Nf6+ Ke6 36. Ne4 Nd4+ 37. Rxd4 Ra3 38. Nxc5+ dxc5 39. Rd8 Rxa2 40. Rb8 c4 41. Kd1 c3 42. Bxc3 Rxf2 43. Rxb7 Kd5 44. Rc7 Rf6 45. Ba5 Rd6 46. b6 Rd8 47. b7 Rb8 48. Bb6 Kd6 49. Rxf7 Kc6 50. Be3 Rxb7 51. Rf6+ Kd5 52. Rxg6 Rb2 53. Rg4 Ra2 54. Bd2 Ra1+ 55. Kc2 Ra2+ 56. Kc1 Ra1+ 57. Kb2 Rh1 58. Bc3 Rh2+ 59. Kb3 Rh3 60. Kc2 Rh2+ 61. Bd2 Rh3 62. Ra4 Rf3 63. Bc3 Rf2+ 64. Kb3 Re2 65. Ra5+ Ke6 66. Kc4 Re3 67. Bb2 Kf5 68. Rb5 Ke6 69. Bc1 Re1 70. Bd2 Re4+ 71. Kd3 Rd4+ 72. Ke3 Kf5 73. Bc3 Re4+ 74. Kd3 Kf4 75. Bd2+ Kf5 76. Bc3 Kf4 77. Rb8 Re3+ 78. Kc4 Re2 79. Re8 Kf5 80. Kd5 e4 81. Bd4 Kf4 82. Rf8+ Kg3 83. Ke5 e3 84. Ke4 Ra2 85. Rg8+ Kf2 86. Bxe3+ 1-0


[Site "https://www.chess.com"]

[Event "Titled Tuesday Blitz January 03 Early 2023"]
[White "Duda, Jan-Krzysztof"]
[Black "Sarana, Alexey"]
[WhiteFideId "1170546"]
[BlackFideId "24133795"]
[WhiteElo "2724"]
[BlackElo "2685"]
[Result "1-0"]
[Round "07"]
[TimeControl "180+2"]
[Date "2023.01.03"]
[WhiteClock "0:00:47"]
[BlackClock "0:00:21"]

1. e4 e5 2. Nf3 Nc6 3. d4 exd4 4. Nxd4 Nf6 5. Nxc6 bxc6 6. Bd3 d5 7. exd5 cxd5 8. O-O Be7 9. c4 O-O 10. Nc3 d4 11. Ne4 c5 12. Nxf6+ Bxf6 13. Qh5 g6 14. Qxc5 Be6 15. Bf4 Rc8 16. Qb5 Qe7 17. Rfe1 Rfd8 18. Rac1 Rc5 19. Qa4 Bg5 20. Bxg5 Qxg5 21. b4 Re5 22. Qc2 Re8 23. Rxe5 Qxe5 24. Qd2 Bc8 25. c5 h5 26. h4 Qf6 27. Qg5 Qe6 28. Bb5 Re7 29. Bc4 Qe4 30. Bd5 Qe2 31. Qxg6+ Kf8 32. Qf6 Ke8 33. Bc6+ Kd8 34. Qxd4+ Bd7 35. Bf3 Qxa2 36. c6 Qa3 37. c7+ Kc8 38. Bb7+ Kxb7 39. Qd5+ Kb6 40. Qc5+ Kb7 41. c8=Q+ 1-0


[Site "https://www.chess.com"]

[Event "Titled Tuesday Blitz January 03 Early 2023"]
[White "Keymer, Vincent"]
[Black "Madaminov, Mukhiddin"]
[WhiteFideId "12940690"]
[BlackFideId "14210703"]
[WhiteElo "2700"]
[BlackElo "2422"]
[Result "0-1"]
[Round "07"]
[TimeControl "180+2"]
[Date "2023.01.03"]
[WhiteClock "0:00:03"]
[BlackClock "0:00:24"]

1. Nf3 Nf6 2. c4 g6 3. Nc3 d5 4. cxd5 Nxd5 5. h4 Nxc3 6. bxc3 Bg7 7. h5 c5 8. Qa4+ Qd7 9. Qxd7+ Bxd7 10. Rb1 Bc6 11. g4 Nd7 12. Bg2 Ne5 13. g5 Nxf3+ 14. Bxf3 Bxf3 15. exf3 O-O-O 16. f4 e6 17. Ke2 Rd5 18. h6 Bf8 19. c4 Rf5 20. Bb2 Rg8 21. Be5 Be7 22. Rhg1 Rd8 23. d3 Bd6 24. Bxd6 Rxd6 25. Ke3 Rd4 26. Rg4 e5 27. a4 Rdxf4 28. Rxf4 exf4+ 29. Ke4 Rxg5 30. Kxf4 Rf5+ 31. Ke3 Rh5 32. a5 Rxh6 33. Kf4 Rh5 34. Re1 Rf5+ 35. Kg3 Kd7 36. f4 h5 37. Rb1 Kc6 38. Re1 Rf6 39. Re7 a6 40. Re8 Rd6 41. Rc8+ Kd7 42. Rxc5 Rxd3+ 43. Kh4 Rd6 44. Re5 Re6 45. Rd5+ Ke7 46. Kg5 Rd6 47. Re5+ Kf8 48. Rc5 Rc6 49. Rd5 Rxc4 50. f5 Kg7 51. f6+ Kh7 52. Rd7 Rg4# 0-1


[Site "https://www.chess.com"]